 Dungeon Crawl Stone Soup version 0.31-a0-152-g6aa68a64a1 (webtiles) character file.

Game seed: 12336244275027530329

4967 qw the Cleaver (level 10, -2/64 HPs)
             Began as a Gargoyle Fighter on June 10, 2023.
             Was a Believer of Okawaru.
             Slain by a boulder beetle (18 damage)
             ... on level 8 of the Dungeon.
             The game lasted 00:04:13 (7454 turns).

qw the Cleaver (Gargoyle Fighter)                   Turns: 7454, Time: 00:04:14

Health: -2/64      AC: 30    Str: 23    XL:     10   Next: 53%
Magic:  12/13      EV:  8    Int: 10    God:    Okawaru [**....]
Gold:   309        SH:  5    Dex:  9    Spells: 9/9 levels left

rFire   . . .        Y - +0 war axe
rCold   . . .        c - +0 buckler
rNeg    + . .        m - +0 plate armour
rPois   inf          f - +1 helmet
rElec   +            r - +0 cloak
rCorr   .            w - +0 pair of gloves
SInv    +            n - +0 pair of boots
Will    +....        (no amulet) Stlth
                     e - ring of see invisible
HPRegen 0.30/turn    k - ring of willpower
MPRegen 0.13/turn

%: no passive effects
@: about to teleport, heroic
A: sickness immunity, AC +7, negative energy resistance 1, electricity
resistance, torment resistance 1, petrification resistance
a: Renounce Religion, Heroism


You were on level 8 of the Dungeon.
You worshipped Okawaru.
Okawaru was pleased with you.
You visited 2 branches of the dungeon, and saw 9 of its levels.

You collected 505 gold pieces.
You spent 196 gold pieces at shops.


Innate Abilities, Weirdness & Mutations

You are immune to sickness and miasma.
Your stone body is resilient. (AC +7)
You are immune to poison.
You resist negative energy. (rN+)
You are resistant to electric shocks. (rElec)
You are resistant to unholy torment.
You are immune to petrification.


   Skills:
 - Level 8.2(13.2) Fighting
 - Level 10.2(15.2) Axes
 + Level 7.9(12.9) Armour
 - Level 1.0(6.0) Dodging
 - Level 4.0(9.0) Shields
 - Level 4.0 Invocations


You had 9 spell levels left.
You didn't know any spells.
Your spell library was empty.

Inventory:

Hand Weapons
 h - a +3 morningstar
 Y - a +0 war axe (weapon)
Armour
 c - a +0 buckler (worn)
 f - a +1 helmet (worn)
 m - a +0 plate armour (worn)
 n - a +0 pair of boots (worn)
 r - a +0 cloak (worn)
 w - a +0 pair of gloves (worn)
Jewellery
 e - a ring of see invisible (left hand)
 k - a ring of willpower (right hand)
Scrolls
 o - 5 scrolls of teleportation
 p - a scroll of identify
Potions
 a - a potion of haste
 d - 2 potions of might
 j - a potion of magic
 l - a potion of mutation
 q - a potion of cancellation {unknown}
 s - a potion of attraction
 u - a potion of invisibility {unknown}
 v - a potion of resistance

Dungeon Overview and Level Annotations

Branches:
Dungeon (8/15)             Temple (1/1) D:4
   Lair: D:8-11

Altars:
Ashenzari
Cheibriados
Elyvilon
Fedhas
Gozag
Hepliaklqana
Makhleb
Nemelex Xobeh
Okawaru
Ru
Sif Muna
Vehumet
Wu Jian
Yredelemnul
Zin
The Shining One

Shops:
D:4 ?*?*

Annotations:
D:8 3 runed translucent doors, qw's ghost, novice GrFi


Message History

7442 ||| INVOKING Heroism.
You gain the combat prowess of a mighty hero.
The boulder beetle bites you but does no damage.
You hit the boulder beetle but do no damage.
The boulder beetle is lightly wounded.
The boulder beetle barely misses you.
You slash the boulder beetle!
The boulder beetle is moderately wounded.
The boulder beetle bites you but does no damage.
You completely miss the boulder beetle.
The boulder beetle is moderately wounded.
The boulder beetle bites you.
You hit the boulder beetle but do no damage.
The boulder beetle is moderately wounded.
You hit the boulder beetle.
The boulder beetle is moderately wounded.
The boulder beetle bites you.
You hit the boulder beetle but do no damage.
The boulder beetle is moderately wounded.
The boulder beetle waves its antennae.
The boulder beetle bites you but does no damage.
You hit the boulder beetle but do no damage.
The boulder beetle is moderately wounded.
The boulder beetle bites you!
You barely miss the boulder beetle.
The boulder beetle is moderately wounded.
You hit the boulder beetle but do no damage.
The boulder beetle is moderately wounded.
The boulder beetle bites you but does no damage.
You hit the boulder beetle.
The boulder beetle is moderately wounded.
The boulder beetle completely misses you.
You slash the boulder beetle!
The boulder beetle is heavily wounded.
The boulder beetle bites you!
7454 ||| READING 6 scrolls of teleportation.
As you read the scroll of teleportation, it crumbles to dust.
You feel strangely unstable. The boulder beetle bites you!!
You die...

##....##....#####...#.# '..
#..........#.###...### ..
##..##........#....### ###C#
##....#...............
#....##.....#<.........####.
#.........)..........#.##[#
#...#...............#....)
##.(##..#.B.5.......#.....
##..%.....@#.0.............
#......#...###05..........#
###.......####.0..........#
#........##.............#
###..##................##
##.............#.#.....
#.....))).....#.......
#....)..........##.###
##.........##...#....##


You could see a boulder beetle and a white imp.

Vanquished Creatures
  A deep elf pyromancer (D:8)
  A cyclops (D:8)
  A troll (D:8)
  A tarantella (shapeshifter) (D:8)
  Grinder (D:3)
  A vampire (D:7)
  5 yaks (D:8)
  A steam dragon (D:8)
  An ice beast (D:6)
  2 black bears
  6 centaurs
  3 phantoms
  2 bullfrogs
  4 scorpions
  9 killer bees
  3 howler monkeys
  3 hounds
  An orc priest (D:5)
  2 gnoll boudas
  A sleepcap (D:6)
  Ijyb (D:5)
  Natasha (thrice) (D:4)
  4 iguanas
  Robin (D:2)
  10 gnolls
  9 adders
  A shadow imp (D:5)
  A white imp (D:7)
  2 ufetubi
  3 worms
  2 dart slugs
  13 orcs
  14 ball pythons
  5 endoplasms
  2 giant cockroaches (D:2)
  15 goblins
  13 hobgoblins
  11 jackals
  4 quokkas
  8 bats
  3 frilled lizards (D:1)
  3 kobolds
  9 rats
186 creatures vanquished.

Notes
Turn   | Place    | Note
-------+----------+-------------------------------------------
     0 | D:1      | qw the Gargoyle Fighter began the quest for the Orb.
     0 | D:1      | Reached XP level 1. HP: 14/14 MP: 1/1
     0 | D:1      | 0 ||| qw: Version: 0.2-a-123-gb51047a
     0 | D:1      | 0 ||| qw: Game counter: 3778
     0 | D:1      | 0 ||| qw: Always use a shield: true
     0 | D:1      | 0 ||| qw: God list: Okawaru
     0 | D:1      | 0 ||| qw: Allow faded altars: false
     0 | D:1      | 0 ||| qw: Do Orc after D:15 true
     0 | D:1      | 0 ||| qw: Do second Lair branch before Depths: true
     0 | D:1      | 0 ||| qw: Lair rune preference: random
     0 | D:1      | 0 ||| qw: Plans: Normal, Zot:1-4, Slime:5, God:TSO, Crypt,
                  | Tomb, Abyss, Pan, Hells, Win
     0 | D:1      | 0 ||| PLANNING D:1-11
    17 | D:1      | Reached skill level 2 in Axes
    21 | D:1      | Reached XP level 2. HP: 14/19 MP: 2/2
   132 | D:1      | 132 ||| Stepping ~*~*~tactically~*~*~ (hiding).
   135 | D:1      | 135 ||| Stepping ~*~*~tactically~*~*~ (hiding).
   246 | D:1      | 246 ||| Stepping ~*~*~tactically~*~*~ (hiding).
   397 | D:1      | Reached skill level 3 in Axes
   463 | D:1      | Reached XP level 3. HP: 23/23 MP: 3/3
   811 | D:1      | 811 ||| UPGRADING to +0 ring mail of fire resistance.
   821 | D:1      | 821 ||| READING scroll labelled CISELU XOGU.
   822 | D:1      | 822 ||| READING scroll labelled POINOV AMIE.
   826 | D:1      | 826 ||| READING scroll labelled RUS DALIGIPOM.
   956 | D:2      | 956 ||| Stepping ~*~*~tactically~*~*~ (stealth).
   957 | D:2      | 957 ||| Stepping ~*~*~tactically~*~*~ (stealth).
   958 | D:2      | 958 ||| DROPPING +0 club.
   963 | D:2      | 963 ||| Stepping ~*~*~tactically~*~*~ (stealth).
   964 | D:2      | 964 ||| Stepping ~*~*~tactically~*~*~ (stealth).
  1088 | D:2      | Noticed Robin
  1091 | D:2      | Reached XP level 4. HP: 28/28 MP: 4/4
  1098 | D:2      | Reached skill level 4 in Axes
  1109 | D:2      | Killed Robin
  1141 | D:2      | 1141 ||| Stepping ~*~*~tactically~*~*~ (stealth).
  1146 | D:2      | 1146 ||| Stepping ~*~*~tactically~*~*~ (stealth).
  1151 | D:2      | 1151 ||| Stepping ~*~*~tactically~*~*~ (stealth).
  1153 | D:2      | 1153 ||| Stepping ~*~*~tactically~*~*~ (stealth).
  1159 | D:2      | 1159 ||| Stepping ~*~*~tactically~*~*~ (stealth).
  1160 | D:2      | 1160 ||| Stepping ~*~*~tactically~*~*~ (stealth).
  1162 | D:2      | 1162 ||| Stepping ~*~*~tactically~*~*~ (stealth).
  1163 | D:2      | 1163 ||| Stepping ~*~*~tactically~*~*~ (stealth).
  1790 | D:2      | 1790 ||| UPGRADING to +0 helmet.
  1795 | D:2      | 1795 ||| UPGRADING to +0 pair of boots.
  1800 | D:2      | 1800 ||| READING 2 scrolls labelled NESACILYGU.
  1801 | D:2      | 1801 ||| READING scroll labelled BUTONUEGYR.
  1802 | D:2      | 1802 ||| DROPPING scroll of magic mapping.
  2188 | D:3      | Found a shimmering blue altar of Sif Muna.
  2215 | D:3      | Noticed Grinder
  2223 | D:3      | HP: 5/28 [Grinder/nerve-wracking pain (4)]
  2224 | D:3      | 2224 ||| Stepping ~*~*~tactically~*~*~ (hiding).
  2225 | D:3      | 2225 ||| Stepping ~*~*~tactically~*~*~ (hiding).
  2228 | D:3      | 2228 ||| READING 3 scrolls of teleportation.
  2379 | D:3      | Reached XP level 5. HP: 17/32 MP: 5/5
  2647 | D:3      | Paralysed by Grinder for 4 turns
  2658 | D:3      | Paralysed by Grinder for 2 turns
  2659 | D:3      | HP: 8/32 [ball python (1)]
  2660 | D:3      | 2660 ||| READING 3 scrolls of teleportation.
  2827 | D:3      | 2827 ||| Stepping ~*~*~tactically~*~*~ (hiding).
  2828 | D:3      | 2828 ||| Stepping ~*~*~tactically~*~*~ (hiding).
  2834 | D:3      | 2834 ||| Stepping ~*~*~tactically~*~*~ (hiding).
  2835 | D:3      | 2835 ||| Stepping ~*~*~tactically~*~*~ (hiding).
  2843 | D:3      | Killed Grinder
  2844 | D:3      | Reached skill level 6 in Axes
  2844 | D:3      | Reached XP level 6. HP: 13/37 MP: 6/6
  3006 | D:3      | Reached skill level 1 in Dodging
  3081 | D:3      | 3081 ||| READING scroll labelled VAEGIO YTURHI.
  3082 | D:3      | 3082 ||| DRINKING 2 black potions.
  3083 | D:3      | 3083 ||| DRINKING 2 fizzy blue potions.
  3084 | D:3      | 3084 ||| DROPPING potion of enlightenment.
  3118 | D:4      | 3118 ||| Stepping ~*~*~tactically~*~*~ (stealth).
  3194 | D:4      | Reached XP level 7. HP: 35/43 MP: 7/7
  3231 | D:4      | Found Soniush's Magic Scroll Shoppe.
  3232 | D:4      | Found Byvo Kuo's General Store.
  3234 | D:4      | Found Fuxaaki's General Store.
  3235 | D:4      | Found Idgheiton's Magic Scroll Shoppe.
  3243 | D:4      | 3243 ||| BUYING +0 cloak (54 gold).
  3243 | D:4      | Bought a +0 cloak for 54 gold pieces
  3243 | D:4      | 3243 ||| SHOPLISTING +1 buckler of fire resistance (198
                  | gold, have 147).
  3243 | D:4      | 3243 ||| BUYING potion of attraction (36 gold).
  3243 | D:4      | Bought a potion of attraction for 36 gold pieces
  3244 | D:4      | 3244 ||| Stepping ~*~*~tactically~*~*~ (hiding).
  3354 | D:4      | 3354 ||| BUYING +0 chain mail (54 gold).
  3354 | D:4      | Bought a +0 chain mail for 54 gold pieces
  3354 | D:4      | 3354 ||| SHOPLISTING +1 pair of gloves "Anuj" {Harm +Blink
                  | rF- rC+} (282 gold, have 57).
  3360 | D:4      | 3360 ||| BUYING scroll of identify (26 gold).
  3360 | D:4      | Bought a scroll of identify for 26 gold pieces
  3360 | D:4      | 3360 ||| BUYING scroll of identify (26 gold).
  3360 | D:4      | Bought a scroll of identify for 26 gold pieces
  3360 | D:4      | 3360 ||| SHOPLISTING scroll of teleportation (39 gold, have
                  | 5).
  3364 | D:4      | 3364 ||| SHOPLISTING scroll of identify (20 gold, have 5).
  3364 | D:4      | 3364 ||| SHOPLISTING scroll of teleportation (30 gold, have
                  | 5).
  3369 | D:4      | 3369 ||| Stepping ~*~*~tactically~*~*~ (stealth).
  3370 | D:4      | 3370 ||| Stepping ~*~*~tactically~*~*~ (stealth).
  3460 | D:4      | Noticed Natasha
  3470 | D:4      | Killed Natasha
  3544 | D:4      | Noticed Natasha
  3551 | D:4      | Killed Natasha
  3552 | D:4      | Reached skill level 7 in Axes
  3560 | D:4      | Found a staircase to the Ecumenical Temple.
  3561 | D:4      | 3561 ||| PLANNING TEMPLE
  3561 | D:4      | 3561 ||| DROPPING +0 scale mail.
  3562 | D:4      | 3562 ||| UPGRADING to +0 cloak.
  3567 | D:4      | 3567 ||| UPGRADING to +0 chain mail.
  3577 | D:4      | 3577 ||| UPGRADING to +0 pair of gloves.
  3582 | D:4      | 3582 ||| READING scroll labelled ATAAFY VUUNK.
  3583 | D:4      | 3583 ||| READING scroll labelled BAUNEE ANLATU.
  3584 | D:4      | 3584 ||| READING 3 scrolls of identify.
  3584 | D:4      | 3584 ||| IDENTIFYING glowing brown potion
  3585 | D:4      | 3585 ||| READING 2 scrolls of identify.
  3585 | D:4      | 3585 ||| IDENTIFYING dark potion
  3586 | D:4      | 3586 ||| DROPPING potion of brilliance.
  3593 | Temple   | Entered the Ecumenical Temple
  3593 | Temple   | Found a transporter.
  3593 | Temple   | Found a transporter.
  3595 | Temple   | Found a transporter.
  3595 | Temple   | Found a transporter.
  3605 | Temple   | 3605 ||| PLANNING D:1-11
  3608 | Temple   | 3608 ||| PLANNING OKAWARU WORSHIP
  3612 | Temple   | Became a worshipper of Warmaster Okawaru
  3612 | Temple   | 3612 ||| PLANNING D:1-11
  3743 | D:4      | Noticed Natasha
  3745 | D:4      | 3745 ||| Stepping ~*~*~tactically~*~*~ (hiding).
  3753 | D:4      | Killed Natasha
  3892 | D:4      | 3892 ||| UPGRADING to +1 helmet.
  3902 | D:4      | 3902 ||| DROPPING +0 helmet.
  3903 | D:4      | 3903 ||| DRINKING 2 fizzy yellow potions.
  3904 | D:4      | 3904 ||| STAIRDANCE
  3906 | D:4      | 3906 ||| STAIRDANCE
  3913 | D:3      | 3913 ||| READING 2 scrolls of identify.
  3913 | D:3      | 3913 ||| IDENTIFYING viscous clear potion
  3914 | D:3      | 3914 ||| DROPPING potion of ambrosia.
  3924 | D:5      | Entered Level 5 of the Dungeon
  3940 | D:5      | 3940 ||| FLEEEEING.
  3945 | D:5      | 3945 ||| STAIRDANCE
  4154 | D:5      | 4154 ||| Stepping ~*~*~tactically~*~*~ (stealth).
  4184 | D:5      | Reached XP level 8. HP: 41/49 MP: 8/8
  4468 | D:5      | 4468 ||| Stepping ~*~*~tactically~*~*~ (hiding).
  4469 | D:5      | 4469 ||| Stepping ~*~*~tactically~*~*~ (hiding).
  4474 | D:5      | 4474 ||| Stepping ~*~*~tactically~*~*~ (hiding).
  4494 | D:5      | Reached * piety under Okawaru
  4495 | D:5      | Reached skill level 8 in Axes
  4502 | D:5      | Noticed Ijyb
  4503 | D:5      | 4503 ||| Stepping ~*~*~tactically~*~*~ (hiding).
  4504 | D:5      | 4504 ||| Stepping ~*~*~tactically~*~*~ (hiding).
  4505 | D:5      | 4505 ||| Stepping ~*~*~tactically~*~*~ (hiding).
  4506 | D:5      | 4506 ||| Stepping ~*~*~tactically~*~*~ (hiding).
  4507 | D:5      | 4507 ||| Stepping ~*~*~tactically~*~*~ (hiding).
  4508 | D:5      | 4508 ||| INVOKING Heroism.
  4515 | D:5      | Killed Ijyb
  4746 | D:5      | 4746 ||| DROPPING +0 ring mail of fire resistance.
  4747 | D:5      | 4747 ||| UPGRADING to +0 plate armour.
  4757 | D:5      | 4757 ||| DROPPING +0 chain mail.
  4758 | D:5      | 4758 ||| UPGRADING to ring of see invisible.
  4759 | D:5      | 4759 ||| READING scroll labelled QIYWNEGH KEOMP.
  4760 | D:5      | 4760 ||| DRINKING 2 viscous brown potions.
  4761 | D:5      | 4761 ||| READING 2 scrolls of identify.
  4761 | D:5      | 4761 ||| IDENTIFYING smoky silvery potion
  4762 | D:5      | 4762 ||| DROPPING potion of degeneration.
  4793 | D:6      | Reached skill level 1 in Invocations
  4818 | D:6      | Identified the +1 leather armour "Orooli Birem" {+Inv rC-
                  | Will- Int+5}
  4903 | D:6      | 4903 ||| Stepping ~*~*~tactically~*~*~ (hiding).
  5065 | D:6      | 5065 ||| Stepping ~*~*~tactically~*~*~ (hiding).
  5116 | D:6      | Found a burning altar of Makhleb.
  5131 | D:6      | Reached skill level 3 in Invocations
  5189 | D:6      | Found a white marble altar of Elyvilon.
  5397 | D:6      | Reached XP level 9. HP: 54/54 MP: 11/11
  5471 | D:6      | 5471 ||| UPGRADING to ring of willpower.
  5472 | D:6      | 5472 ||| READING scroll labelled AXKYMP QIOKU QEO.
  5473 | D:6      | 5473 ||| DRINKING 2 clear potions.
  5474 | D:6      | 5474 ||| DRINKING 2 fizzy brown potions.
  5584 | D:7      | 5584 ||| INVOKING Heroism.
  5592 | D:7      | Reached skill level 6 in Fighting
  5594 | D:7      | Reached skill level 6 in Armour
  5722 | D:7      | 5722 ||| INVOKING Heroism.
  5793 | D:7      | 5793 ||| Stepping ~*~*~tactically~*~*~ (stealth).
  5794 | D:7      | 5794 ||| Stepping ~*~*~tactically~*~*~ (stealth).
  5958 | D:7      | 5958 ||| INVOKING Heroism.
  5973 | D:7      | 5973 ||| INVOKING Heroism.
  6205 | D:7      | 6205 ||| DROPPING +3 mace.
  6213 | D:7      | Reached skill level 9 in Axes
  6374 | D:7      | 6374 ||| INVOKING Heroism.
  6535 | D:7      | 6535 ||| READING scroll labelled LYOTOHE BISSE.
  6574 | D:8      | 6574 ||| Stepping ~*~*~tactically~*~*~ (stealth).
  6576 | D:8      | 6576 ||| Stepping ~*~*~tactically~*~*~ (hiding).
  6586 | D:8      | 6586 ||| INVOKING Heroism.
  6601 | D:8      | Reached ** piety under Okawaru
  6612 | D:8      | Reached XP level 10. HP: 29/63 MP: 13/13
  6854 | D:8      | 6854 ||| INVOKING Heroism.
  6907 | D:8      | Found a runed translucent gate.
  6908 | D:8      | Found a runed translucent gate.
  6909 | D:8      | Found a runed translucent gate.
  6910 | D:8      | Found an opulent altar of Gozag.
  6911 | D:8      | Noticed qw's ghost (novice GrFi)
  6928 | D:8      | 6928 ||| DROPPING +0 flail.
  7131 | D:8      | 7131 ||| INVOKING Heroism.
  7183 | D:8      | Noticed a cyclops
  7184 | D:8      | 7184 ||| Stepping ~*~*~tactically~*~*~ (hiding).
  7188 | D:8      | 7188 ||| Stepping ~*~*~tactically~*~*~ (hiding).
  7192 | D:8      | 7192 ||| INVOKING Heroism.
  7199 | D:8      | Noticed a centaur warrior
  7200 | D:8      | 7200 ||| DRINKING potion of curing.
  7200 | D:8      | 7200 ||| (to cure confusion)
  7203 | D:8      | Killed a cyclops
  7204 | D:8      | Reached skill level 10 in Axes
  7204 | D:8      | Noticed a deep elf pyromancer
  7211 | D:8      | HP: 15/63 [centaur warrior/arrow (11)]
  7211 | D:8      | Noticed a cyclops
  7212 | D:8      | 7212 ||| READING 7 scrolls of teleportation.
  7213 | D:8      | 7213 ||| DRINKING potion of heal wounds.
  7216 | D:8      | 7216 ||| INVOKING Heroism.
  7346 | D:8      | 7346 ||| Stepping ~*~*~tactically~*~*~ (stealth).
  7347 | D:8      | 7347 ||| Stepping ~*~*~tactically~*~*~ (stealth).
  7382 | D:8      | 7382 ||| Stepping ~*~*~tactically~*~*~ (stealth).
  7385 | D:8      | 7385 ||| INVOKING Heroism.
  7401 | D:8      | 7401 ||| Stepping ~*~*~tactically~*~*~ (stealth).
  7404 | D:8      | 7404 ||| FLEEEEING.
  7420 | D:8      | Noticed a boulder beetle
  7421 | D:8      | 7421 ||| INVOKING Heroism.
  7424 | D:8      | 7424 ||| Stepping ~*~*~tactically~*~*~ (hiding).
  7429 | D:8      | Killed a deep elf pyromancer
  7435 | D:8      | 7435 ||| Stepping ~*~*~tactically~*~*~ (stealth).
  7437 | D:8      | 7437 ||| Stepping ~*~*~tactically~*~*~ (hiding).
  7442 | D:8      | 7442 ||| INVOKING Heroism.
  7453 | D:8      | HP: 15/64 [boulder beetle (11)]
  7454 | D:8      | 7454 ||| READING 6 scrolls of teleportation.
  7454 | D:8      | Slain by a boulder beetle

Levels and vault maps discovered:
D:1:      lightli_arrival_statuegarden, layout_basic, minivault_25,
          minmay_surrounded
D:2:      layout_basic, minmay_diced_spiral, uniq_robin
D:3:      layout_basic, mainiacjoe_overflow_boulevard, minmay_snake_closets,
          uniq_grinder
D:4:      layout_cave_pools, temple_green, serial_bayou_pond_c,
          minmay_shop_grid_forest, uniq_natasha
D:5:      layout_loops_ring, uniq_ijyb
D:6:      layout_loops_ring, mainiacjoe_overflow_cross_hatched,
          mainiacjoe_overflow_surrounded_room, minmay_crossroads
D:7:      layout_basic
D:8:      layout_cave_pools, ebering_ghost_gozag, minmay_evil_grid
Temple:   hellmonk_temple_divided_pantheon

Skill      XL: |  1  2  3  4  5  6  7  8  9 10 |
---------------+-------------------------------+-----
Axes           | 2 3 4 6 7 8 9 10 | 10.2
Dodging        | 1 |  1.0
Fighting       | 4 5 7 8 |  8.2
Armour         | 4 5 7 |  7.9
Invocations    | 3 4 |  4.0
Shields        | 4 |  4.0

Action                     |  1- 3 |  4- 6 |  7- 9 | 10-12 || total
---------------------------+-------+-------+-------+-------++-------
  Melee: War axe           |   124 |   143 |   308 |   101 ||   676
 Invoke: Heroism           |       |       |     7 |     7 ||    14
    Use: Scroll            |     3 |     5 |     9 |     2 ||    19
         Potion            |       |     2 |     4 |     2 ||     8
 Armour: Scale mail        |    39 |       |       |       ||    39
         Ring mail         |    27 |    85 |    21 |       ||   133
         Chain mail        |       |       |    52 |       ||    52
         Plate armour      |       |       |   213 |    81 ||   294
  Dodge: Dodged            |    64 |    83 |   162 |    46 ||   355
  Block: Buckler           |    31 |    31 |    76 |    31 ||   169

Table legend:
 A = Non-vault XP
 B = Vault XP
 C = Vault XP percentage of total XP
 D = Non-vault monster count
 E = Vault monster count
 F = Vault count percentage of total count
                 A         B        C        D         E       F
            +---------+---------+-------+---------+---------+-------
      Total |    4872 |    2224 |  31.3 |     146 |      40 |  21.5
            +---------+---------+-------+---------+---------+-------
        D:1 |      48 |       7 |  12.7 |      28 |       5 |  15.2
        D:2 |      39 |      58 |  59.8 |      20 |      17 |  45.9
        D:3 |      15 |     352 |  95.9 |       8 |      12 |  60.0
        D:4 |     367 |      36 |   8.9 |      17 |       1 |   5.6
        D:5 |     768 |      36 |   4.5 |      20 |       1 |   4.8
        D:6 |     643 |       0 |   0.0 |      10 |       0 |   0.0
        D:7 |    1224 |       0 |   0.0 |      25 |       0 |   0.0
        D:8 |    1768 |    1735 |  49.5 |      18 |       4 |  18.2
            +---------+---------+-------+---------+---------+-------
